 Dungeon Crawl Stone Soup version 0.20-a0-984-ge8aa303 (webtiles) character file.

9 Alarkh the Charmwright (level 2, 22/22 HPs)
             Began as a Demonspawn Skald on Apr 10, 2017.
             Got out of the dungeon alive.
             The game lasted 00:00:40 (1376 turns).

Alarkh the Charmwright (Demonspawn Skald)           Turns: 1376, Time: 00:00:41

Health: 22/22      AC:  3    Str: 11    XL:     2   Next: 3%
Magic:  5/5        EV: 12    Int: 14    God:
Gold:   46         SH:  0    Dex: 14    Spells: 4/5 levels left

rFire    . . .     SeeInvis .   a - +0 hand axe
rCold    . . .     Gourm    .   (no shield)
rNeg     . . .     Faith    .   b - +0 leather armour
rPois    .         Spirit   .   (no helmet)
rElec    .         Reflect  .   (no cloak)
rCorr    .         Harm     .   (no gloves)
MR       .....                  (no boots)
Stlth    ++........             (no amulet)
Regen    0.1/turn               (no ring)
MPRegen  0.1/turn               (no ring)

@: no status effects
A: thin skeletal structure 1
a: no special abilities


You escaped.
You were not hungry.

You visited 1 branch of the dungeon, and saw 1 of its levels.

You collected 46 gold pieces.

Inventory:

Hand Weapons
 a - a +0 hand axe (weapon)
Armour
 b - a +0 leather armour (worn)
Scrolls
 e - 2 scrolls of identify
 f - 2 scrolls of recharging {unknown}
 g - a scroll of teleportation
 h - a scroll of magic mapping {unknown}
 i - a scroll of random uselessness {unknown}
 k - a scroll of fog {unknown}
Books
 c - a book of Battle

   Spells                             Type                      Level
   a - Infusion                       Charms                       1
   b - Shroud of Golubria             Charms/Translocation         2
   c - Song of Slaying                Charms                       2
   d - Spectral Weapon                Hexes/Charms                 3
   e - Regeneration                   Charms/Necromancy            3
Comestibles
 d - a bread ration
 j - a chunk of flesh


   Skills:
 - Level 2.0 Fighting
 + Level 2.5 Axes
 - Level 0.8 Armour
 - Level 1.7 Dodging
 - Level 2.0 Spellcasting
 - Level 2.6 Charms


You had 4 spell levels left.
You knew the following spells:

 Your Spells              Type           Power        Failure   Level  Hunger
a - Infusion              Chrm           #...         12%         1    ##.....


Dungeon Overview and Level Annotations

Branches:
Dungeon (1/15)

Altars:


Innate Abilities, Weirdness & Mutations

You have a somewhat thin skeletal structure. (Dex +2, Stealth)


Message History

Your magical infusion is running out.
You are no longer magically infusing your attacks.
j - 4 chunks of flesh (gained 1)
You see here a frilled lizard skeleton. x2
You now have 46 gold pieces (gained 13).
f - 2 scrolls labeled TAM RYTIGGAU (gained 1)
You see here a frilled lizard skeleton.
Some of the chunks of flesh in your inventory have rotted away.
A rat comes into view.
A rat is nearby!
A rat is nearby!
You closely miss the rat. The rat misses you.
You closely miss the rat. The rat closely misses you.
You hit the rat.
You kill the rat!
No target in view!
There is an open door here.
There is a staircase leading out of the dungeon here.
Are you sure you want to leave the Dungeon?
This will make you lose the game!
You have escaped!

#######.#..............(#.# #.#..
+.......#.#############.#.# #.#..
#######.#.#.......[...#.#.# #....
......#.#.#.####.####.#...# ###..
......#...#.#.......#.#.#.# #..
........#.#.#.#####.#.#.#.# #..
........#.#.#.#...#.#.#.#.# #..
#####...#.#.#.#...#.#.#.#.# #..
........#.'.#.#.@...#.'.#.# #..
######..#.#.#.#...#.#.#.#.# #..
........#.#.#.#...#.#.#.#.# ###
.#......#.#.#.#####.#.#.#.#
.#......#.#.#.......#.#...#######
....#.....#.####.####.#.#.##.....
.#......#.#...........#.#.##.....
........#.#############.#.##.....
........#...............#.##.....


There were no monsters in sight!

Vanquished Creatures
  2 goblins (D:1)
  2 hobgoblins (D:1)
  2 frilled lizards (D:1)
  A kobold (D:1)
  2 rats (D:1)
9 creatures vanquished.

Notes
Turn   | Place    | Note
-------+----------+-------------------------------------------
     0 | D:1      | Alarkh the Demonspawn Skald began the quest for the Orb.
     0 | D:1      | Reached XP level 1. HP: 16/16 MP: 3/3
  1228 | D:1      | Gained mutation: You have a somewhat thin skeletal structure. (Dex +2, Stealth) [demonic ancestry]
  1228 | D:1      | Reached XP level 2. HP: 20/22 MP: 1/5
  1376 | D:$      | Got out of the dungeon alive.

Vault maps used:
D:1:      matt_arrival_refuge, kennysheep_another_room

Skill      XL: |  1 |
---------------+----+-----
Axes           | 2 |  2.5
Fighting       | |  2.0
Armour         | |  0.8
Dodging        | |  1.7
Spellcasting   | |  2.0
Charms         | |  2.6

Action                   || total
-------------------------++-------
Melee: Hand axe          ||    32
 Cast: Infusion          ||     5
  Use: Scroll            ||     1
  Eat: Chunk             ||     1
Armor: Leather armour    ||     6
Dodge: Dodged            ||    13
